 Dungeon Crawl Stone Soup version 0.19-a0-1225-gf887c1c (webtiles) character file.

32 PurpleRed the Conjurer (level 3, 0/19 HPs)
             Began as a Deep Elf Conjurer on Aug 25, 2016.
             Killed by divine providence
             ... invoked by an orc priest
              (15 damage)
             ... on level 8 of the Dungeon.
             The game lasted 00:05:50 (627 turns).

PurpleRed the Conjurer (Deep Elf Conjurer)           Turns: 627, Time: 00:05:51

Health: 0/19       AC:  5    Str:  5    XL:     3   Next: 8%
Magic:  8/10       EV: 13    Int: 20    God:
Gold:   51         SH:  0    Dex: 15    Spells: 2 memorised, 6 levels left

rFire  . . .     SeeInvis .     m - +0 short sword
rCold  . . .     Gourm    .     a - +1 robe
rNeg   . . .     Faith    .     (no shield)
rPois  .         Spirit   .     n - +1 helmet
rElec  .         Dismiss  .     (no cloak)
rCorr  .         Reflect  .     (no gloves)
MR     .....     Harm     .     (no boots)
Stlth  ++........               (no amulet)
                                (no ring)
                                (no ring)

@: no status effects
A: no striking features
a: no special abilities


You were on level 8 of the Dungeon.
You were not hungry.

You visited 2 branches of the dungeon, and saw 9 of its levels.

You collected 51 gold pieces.

Inventory:

Hand Weapons
 m - a +0 short sword (weapon)
Armour
 a - a +1 robe (worn)
 i - a gold dragon hide
 n - a +1 helmet (worn)
Scrolls
 d - a scroll of identify
 g - a scroll of teleportation
 h - a scroll of immolation
Potions
 e - 2 potions of curing
 f - a potion of lignification {unknown}
Books
 b - a book of Conjurations

   Spells                             Type                      Level
   a - Magic Dart                     Conjuration                  1
   b - Searing Ray                    Conjuration                  2
   c - Dazzling Spray                 Conjuration/Hexes            3
   d - Fulminant Prism                Conjuration/Hexes            4
   e - Iskenderun's Mystic Blast      Conjuration                  4
   f - Iskenderun's Battlesphere      Conjuration/Charms           5
 k - a Grand Grimoire

   Spells                             Type                      Level
   a - Monstrous Menagerie            Summoning                    7
   b - Summon Greater Demon           Summoning                    7
   c - Malign Gateway                 Summoning/Translocation      7
   d - Summon Horrible Things         Summoning                    8
Comestibles
 c - a bread ration
 j - a royal jelly


   Skills:
 - Level 2.4 Dodging
 - Level 2.4 Stealth
 + Level 3.5 Spellcasting
 * Level 5.2 Conjurations


You had 6 spell levels left.
You knew the following spells:

 Your Spells              Type           Power        Failure   Level  Hunger
a - Magic Dart            Conj           ###.         1%          1    None
b - Searing Ray           Conj           ###...       2%          2    ##.....


Dungeon Overview and Level Annotations

Branches:
Dungeon (8/15)             Temple (1/1) D:4
   Lair: D:8-11

Altars:
Ashenzari
Cheibriados
Elyvilon
Kikubaaqudgha
Okawaru
Qazlal
Ru
Sif Muna
Trog
Uskayaw
Xom
Yredelemnul
Zin


Message History

The helpless quokka fails to defend itself.
You puncture the quokka!
You kill the quokka!
An orc priest and an orc wizard come into view.
The orc wizard is wielding a dagger of pain.
The orc priest shouts!
An orc warrior comes into view. It is wielding a flail of protection.
You see here a bread ration.
Found an escape hatch in the floor.
Casting: Magic Dart
Confirm with . or Enter, or press ? or * to list all spells.
Aiming: Searing Ray
Press: ? - help, Shift-Dir - straight line, f - orc priest
Aim: an orc priest, wielding a dagger The searing ray hits the orc priest.
The orc priest is heavily wounded.
The orc priest calls down the wrath of Beogh upon you.
Beogh smites you!
Ouch! That really hurt!
You die...

*,*,*,*,,,,,,,* ##...##%###.#,**
*,*,*,*,****#.#####...##......o.,
*,*,*,*,* #.........##.###..o#*
*,*,*∩*,* #######.(###.# *,,.#*
,*,,*,*,* ####..# #.# *,,,**
***,,,,,* #.....# #.#**,,,,, *
**,,,,* #o###.# #.#,,,,,*, **,*,*
#.# #.#*#.#,,,<,,, * **,**,* #@#
#>.,,,8,,,,,,* ***,***,* #.#
*###*,,,,,,,,* ,*,****,* #.#
****,,,>,8,,, *,,,,**,*******#.#
*,,,,,,,,,,,* ****,**,*,,,,,,..#
*,***8,,,,,** *,**,*,*****### *,*
**,,,*,,, *,**,*,* *,* ********
****,**,*,* *,***********
,,,,,,,,*,* *,,,,,,,,,,,*


You could see an orc priest.

Vanquished Creatures
  3 giant geckos
  5 orcs
  2 ball pythons
  A giant cockroach (D:6)
  2 goblins (D:3)
  3 hobgoblins (D:3)
  A kobold (D:3)
  A quokka (D:8)
  A giant gecko skeleton (D:5)
  3 rats
22 creatures vanquished.

Notes
Turn   | Place    | Note
-------+----------+-------------------------------------------
     0 | D:1      | PurpleRed the Deep Elf Conjurer began the quest for the Orb.
     0 | D:1      | Reached XP level 1. HP: 10/10 MP: 6/6
    77 | D:3      | Noticed an orc wizard
   213 | D:3      | Reached XP level 2. HP: 9/15 MP: 0/8
   217 | D:3      | Learned a level 2 spell: Searing Ray
   313 | D:4      | Found a staircase to the Ecumenical Temple.
   322 | Temple   | Entered the Ecumenical Temple
   408 | D:5      | Entered Level 5 of the Dungeon
   417 | D:5      | Reached skill level 5 in Conjurations
   557 | D:7      | Reached XP level 3. HP: 11/19 MP: 1/10
   612 | D:8      | Noticed an orc warrior
   627 | D:8      | Killed from afar by an orc priest

Vault maps used:
D:1:      dpeg_arrival_rooms_b
D:3:      minmay_liquid_box, hangedman_feature_mirror, kennysheep_generic_room_5
D:4:      uniq_robin
D:5:      first_bread
D:6:      basic_altar
D:7:      minitemple, gammafunk_temple_overflow_claw, overflow_temple_1_default,
          basic_altar, st_stairs_13
D:8:      tso_oasis_becter, serial_shops, shop, grunt_pizzeria,
          grunt_ministairs_1, uniq_psyche
Temple:   dshaligram_water_room_temple

Skill      XL: |  1  2 |
---------------+-------+-----
Conjurations   | 5 |  5.2
Dodging        | |  2.4
Stealth        | |  2.4
Spellcasting   | |  3.5

Action                   || total
-------------------------++-------
Melee: Short sword       ||    19
 Cast: Magic Dart        ||    40
       Searing Ray       ||     1
  Use: Scroll            ||    13
 Stab: Sleeping          ||     1
Armor: Robe              ||     2
Dodge: Dodged            ||    19
